 Dungeon Crawl Stone Soup version 0.20-a0-1074-g6a0a8e1 (webtiles) character file.

3119 Monsterracer the Grappler (level 9, -1/78 HPs)
             Began as a Ghoul Monk on Apr 29, 2017.
             Was a Priest of Makhleb.
             Slain by a two-headed ogre
             ... wielding a +0 giant club
              (18 damage)
             ... on level 8 of the Dungeon.
             The game lasted 00:30:31 (6034 turns).

Monsterracer the Grappler (Ghoul Monk)              Turns: 6034, Time: 00:30:32

Health: -1/78      AC: 20    Str: 16    XL:     9   Next: 91%
Magic:  11/11      EV: 10    Int: 10    God:    Makhleb [***...]
Gold:   348        SH:  9    Dex: 16    Spells: 8/8 levels left

rFire    . . .     SeeInvis .     - Unarmed
rCold    + + .     Gourm    .   d - +0 shield
rNeg     + + +     Faith    .   p - +7 Kryia's mail coat {PotionHeal*2 rC+}
rPois    ∞         Spirit   .   s - +2 helmet {Int+3}
rElec    .         Reflect  .   u - +0 cloak
rCorr    .         Harm     .   (no gloves)
MR       .....                  e - +1 pair of boots
Stlth    +.........             r - amulet of magic regeneration
Regen    0.0/turn               i - +5 ring of dexterity
MPRegen  0.2/turn               (no ring)

@: rotting
A: rotting body, claws 1, carnivore 3, cold resistance 1, negative energy
resistance 3, inhibited regeneration, torment resistance, unbreathing
a: Minor Destruction, Lesser Servant of Makhleb, Renounce Religion


You were on level 8 of the Dungeon.
You worshipped Makhleb.
Makhleb was most pleased with you.
You were not hungry.

You visited 2 branches of the dungeon, and saw 9 of its levels.

You collected 348 gold pieces.

Inventory:

Armour
 d - a +0 shield (worn)
 e - a +1 pair of boots (worn)
 p - the +7 Kryia's mail coat (worn) {PotionHeal*2 rC+}
   (You found it on level 7 of the Dungeon)

   It protects you from cold.
 s - a +2 helmet of intelligence (worn)
 u - a +0 cloak (worn)
 w - a +0 buckler
Jewellery
 a - an uncursed ring of ice
 i - a +5 ring of dexterity (left claw)
 r - an amulet of magic regeneration (around neck)
Wands
 k - a wand of flame (20/48)
 m - a wand of polymorph (17/24)
 q - a wand of enslavement (9/24)
 t - a wand of flame (30/48)
 y - a wand of clouds (6/9)
 A - a wand of digging (14/24)
Scrolls
 c - 2 scrolls of recharging
 f - 2 scrolls of identify
 g - 2 scrolls of remove curse
 j - a scroll of amnesia
 n - 2 scrolls of fear
 o - a scroll of teleportation
 x - 3 scrolls of enchant armour
Potions
 l - 3 potions of brilliance
 v - 2 potions of curing
Comestibles
 b - 5 meat rations
 h - 3 royal jellies
 z - 8 chunks of flesh


   Skills:
 + Level 6.5 Fighting
 + Level 4.4 Armour
 + Level 4.6 Dodging
 - Level 2.1 Stealth
 + Level 4.1 Shields
 * Level 9.9 Unarmed Combat
 + Level 4.2 Invocations


You had 8 spell levels left.
You didn't know any spells.

Dungeon Overview and Level Annotations

Branches:
Dungeon (8/15)             Temple (1/1) D:5
   Lair: D:8-11

Altars:
Ashenzari
Cheibriados
Dithmenos
Elyvilon
Fedhas
Gozag
Hepliaklqana
Kikubaaqudgha
Makhleb
Nemelex Xobeh
Okawaru
Qazlal
Ru
Sif Muna
Trog
Uskayaw
Vehumet
Wu Jian
Xom
Yredelemnul
Zin
The Shining One

Shops:
D:7 }((


Innate Abilities, Weirdness & Mutations

Your body is rotting away.
You thrive on raw meat.
You are immune to poison.
You have sharp fingernails.
You are carnivorous and can eat meat at any time.
Your flesh is cold resistant. (rC+)
You are immune to negative energy. (rN+++)
You do not regenerate when monsters are visible.
You are immune to unholy pain and torment.
You can survive without breathing.


Message History

You are too injured to fight recklessly!
You are too injured to fight recklessly!
You are too injured to fight recklessly!
You are too injured to fight recklessly!
You scratch the two-headed ogre.
The two-headed ogre is almost dead.
You scratch the two-headed ogre.
The two-headed ogre is almost dead.
The two-headed ogre hits you with a giant club!
* * * LOW HITPOINT WARNING * * *
The two-headed ogre hits you but does no damage.
You scratch the two-headed ogre.
The two-headed ogre is almost dead.
The two-headed ogre hits you with a giant club!
* * * LOW HITPOINT WARNING * * *
The two-headed ogre closely misses you.
Eat one of 9 chunks of flesh? (ye/n/q)
You eat one of the 9 chunks of flesh.
This raw flesh tastes great!
The two-headed ogre hits you with a giant club!!
You die...

#.# #.# ### ####### #.# #..
....... ######.############..
....... .............(........
....... #######..#............
....... #..#............
.......###########..#..........##
.......).......O@................
........##########..#.....)....##
##.####.# #..#...(.... ...
...#........ #...> ##.# ..#
.....# .. ... ......# ... #.....#
... .### #.....# ....


You could see a two-headed ogre.

Vanquished Creatures
  A two-headed ogre (D:8)
  Joseph (D:7)
  A spriggan (D:7)
  3 ice beasts
  A phantom (D:4)
  3 centaurs
  4 ogres
  A big kobold (D:5)
  A scorpion (D:5)
  3 howler monkeys
  2 crimson imps
  A bullfrog zombie (D:8)
  3 jellies (D:5)
  2 bullfrog skeletons
  5 orc priests
  Crazy Yiuf (D:3)
  A hound (D:6)
  A centaur skeleton (D:7)
  Terence (D:2)
  6 orc wizards
  2 worker ants
  A human skeleton (D:3)
  A hound skeleton (D:4)
  A gnoll (D:1)
  11 adders
  A shadow imp (D:6)
  An ooze (D:1)
  2 worms (D:3)
  2 dart slugs
  7 leopard geckos
  21 orcs
  2 giant cockroaches
  2 goblins
  8 hobgoblins
  3 jackals (D:2)
  10 kobolds
  4 quokkas
  3 ball pythons
  6 bats
  7 frilled lizards
  A goblin skeleton (D:3)
  A quokka zombie (D:5)
  9 rats
148 creatures vanquished.

Vanquished Creatures (collateral kills)
  An orc warrior (D:8)
  An ogre (D:6)
  2 orc priests
  5 orcs
9 creatures vanquished.

Vanquished Creatures (others)
  2 ball pythons (D:3)
  A quokka (D:3)
  A kobold (D:3)
4 creatures vanquished.

Grand Total: 161 creatures vanquished

Notes
Turn   | Place    | Note
-------+----------+-------------------------------------------
     0 | D:1      | Monsterracer the Ghoul Monk began the quest for the Orb.
     0 | D:1      | Reached XP level 1. HP: 19/19 MP: 0/0
   115 | D:1      | Reached XP level 2. HP: 25/25 MP: 1/1
   324 | D:1      | Reached skill level 4 in Unarmed Combat
   324 | D:1      | Reached XP level 3. HP: 21/31 MP: 2/2
  1155 | D:2      | Found a deep blue altar of Sif Muna.
  1329 | D:2      | Noticed Terence
  1629 | D:3      | Reached skill level 5 in Unarmed Combat
  1629 | D:3      | Reached XP level 4. HP: 28/36 MP: 3/3
  1754 | D:3      | Noticed a human
  1770 | D:3      | Found a runed door.
  1907 | D:3      | Found a basalt altar of Yredelemnul.
  1930 | D:3      | Reached XP level 5. HP: 34/45 MP: 4/4
  2041 | D:3      | Reached skill level 6 in Unarmed Combat
  2309 | D:3      | Found a runed door.
  2313 | D:3      | Noticed Crazy Yiuf
  2320 | D:3      | Killed Crazy Yiuf
  2576 | D:2      | Killed Terence
  2751 | D:4      | Noticed an ogre
  2759 | D:4      | Killed an ogre
  2759 | D:4      | Reached skill level 1 in Armour
  2759 | D:4      | Reached XP level 6. HP: 40/52 MP: 5/5
  2931 | D:4      | Noticed a phantom
  2953 | D:4      | Killed a phantom
  3177 | D:5      | Entered Level 5 of the Dungeon
  3236 | D:5      | Reached XP level 7. HP: 49/59 MP: 6/6
  3296 | D:5      | Reached skill level 1 in Shields
  3296 | D:5      | Reached skill level 7 in Unarmed Combat
  3301 | D:5      | Found a staircase to the Ecumenical Temple.
  3312 | Temple   | Entered the Ecumenical Temple
  3382 | Temple   | Became a worshipper of Makhleb the Destroyer
  3382 | Temple   | Reached * piety under Makhleb
  3382 | Temple   | Reached ** piety under Makhleb
  3451 | D:5      | Reached skill level 1 in Invocations
  3608 | D:5      | Reached skill level 5 in Fighting
  3608 | D:5      | Reached XP level 8. HP: 68/68 MP: 8/8
  3676 | D:5      | Found a hide-covered altar of Uskayaw.
  3744 | D:5      | Reached skill level 8 in Unarmed Combat
  4049 | D:6      | Reached *** piety under Makhleb
  4432 | D:6      | Found an ancient bone altar of Kikubaaqudgha.
  4435 | D:6      | Found a bloodstained altar of Trog.
  4438 | D:6      | Found a white marble altar of Elyvilon.
  4439 | D:6      | Found a stormy altar of Qazlal.
  4439 | D:6      | Found a shadowy altar of Dithmenos.
  4439 | D:6      | Found an opulent altar of Gozag.
  4440 | D:6      | Found an iron altar of Okawaru.
  4442 | D:6      | Found a sacrificial altar of Ru.
  4761 | D:7      | Reached XP level 9. HP: 75/75 MP: 10/10
  4795 | D:7      | Found Biapt's Weapon Shoppe.
  4820 | D:7      | Found Hubups's Weapon Shoppe.
  4834 | D:7      | Noticed Joseph
  4855 | D:7      | Killed Joseph
  4855 | D:7      | Reached skill level 9 in Unarmed Combat
  5397 | D:7      | Found Daddov's Gadget Shop.
  5602 | D:8      | Noticed a two-headed ogre
  5615 | D:8      | Killed a two-headed ogre
  6011 | D:8      | Noticed a two-headed ogre
  6034 | D:8      | Slain by a two-headed ogre

Vault maps used:
D:1:      minmay_arrival_split_and_join
D:2:      led_sif_pool, hangedman_abyss_or_decor_stabs, uniq_terence
D:3:      dk_yredelemnul_ordeal, uniq_crazy_yiuf_cottage
D:5:      cheibrodos_thug_alley, minmay_temple_entry_hall, first_bread,
          basic_altar
D:6:      minitemple
D:7:      serial_shops, shop, shop, shop, the_bakery, uniq_joseph
D:8:      cheibrodos_iron_armory, minmay_lair_entry_lava, uniq_psyche
Temple:   cyrus_circular_temple

Skill      XL: |  1  2  3  4  5  6  7  8  9 |
---------------+----------------------------+-----
Unarmed Combat | 4 5 6 7 8 9 |  9.9
Dodging        | 3 4 |  4.6
Fighting       | 4 5 6 |  6.5
Armour         | 1 2 3 4 |  4.4
Shields        | 2 3 4 |  4.1
Invocations    | 1 2 4 |  4.2
Stealth        | |  2.1

Action                   |  1- 3 |  4- 6 |  7- 9 || total
-------------------------+-------+-------+-------++-------
Melee: Unarmed           |   100 |   148 |   338 ||   586
       Punch             |       |     1 |       ||     1
Invok: Minor Destruction |       |       |     3 ||     3
       Lesser Servant of |       |       |     3 ||     3
  Use: Potion            |     4 |     2 |     4 ||    10
       Scroll            |     1 |    10 |     3 ||    14
 Stab: Sleeping          |     1 |       |       ||     1
  Eat: Chunk             |     5 |     6 |    22 ||    33
Armor: Ring mail         |    49 |    39 |    28 ||   116
       Robe              |     1 |       |       ||     1
       Chain mail        |       |    27 |    46 ||    73
       Scale mail        |       |       |    39 ||    39
Dodge: Dodged            |    60 |    64 |   114 ||   238
Block: Buckler           |       |     8 |    47 ||    55
       Shield            |       |       |    25 ||    25
